 Dungeon Crawl Stone Soup version 0.21-a0-91-ga5031da (webtiles) character file.

952 Soeti the Covert (level 8, 0/76 HPs)
             Began as a Naga Berserker on June 28, 2017.
             Was a Priest of Trog.
             Slain by a wight
             ... wielding a +4 short sword
              (4 damage)
             ... on level 6 of the Dungeon.
             The game lasted 00:21:34 (6607 turns).

Soeti the Covert (Naga Berserker)                   Turns: 6607, Time: 00:21:35

Health: 0/76       AC:  5    Str: 22    XL:     8   Next: 14%
Magic:  8/8        EV:  9    Int:  7    God:    Trog [***...]
Gold:   193        SH:  0    Dex: 15    Spells: 7/7 levels left

rFire    . . .     SeeInvis +   a - +0 hand axe
rCold    . . .     Gourm    .   (no shield)
rNeg     . . .     Faith    .   b - +0 animal skin
rPois    +         Spirit   .   p - +0 helmet
rElec    .         Reflect  .   (no cloak)
rCorr    .         Harm     .   d - +0 pair of gloves
MR       +....                  (no barding)
Stlth    +++.......             (no amulet)
HPRegen  0.22/turn              i - ring of wizardry
MPRegen  0.11/turn              C - +4 ring of dexterity

@: berserk cooldown, slowed, heavily drained, very slow
A: see invisible, deformed body, poison resistance, slowness 2, slow metabolism
1, spit poison 1, AC +2
a: Spit Poison, Berserk, Trog's Hand, Burn Spellbooks, Renounce Religion


You were on level 6 of the Dungeon.
You worshipped Trog.
Trog was most pleased with you.
You were hungry.

You visited 1 branch of the dungeon, and saw 6 of its levels.

You collected 193 gold pieces.

Inventory:

Hand Weapons
 a - a +0 hand axe (weapon)
 E - a +0 broad axe
Armour
 b - a +0 animal skin (worn)
 d - a +0 pair of gloves (worn)
 k - a +0 ring mail
 p - a +0 helmet (worn)
Jewellery
 i - a ring of wizardry (left hand)
 C - a +4 ring of dexterity (right hand)
Wands
 y - a wand of clouds (7/9)
 B - a wand of iceblast (0/15)
Scrolls
 f - 2 scrolls of amnesia {unknown}
 g - 2 scrolls of immolation
 m - 2 scrolls of remove curse {unknown}
 o - 5 scrolls of enchant weapon {unknown}
 q - a scroll of random uselessness {unknown}
 u - a scroll of fear {unknown}
 x - a scroll of recharging
 A - a scroll of blinking {unknown}
Potions
 e - 2 potions of berserk rage
 h - 2 potions of brilliance
 j - a potion of lignification {unknown}
 l - a potion of curing {unknown}
 n - a potion of ambrosia {unknown}
 r - 3 potions of haste
 s - 2 potions of invisibility
 t - 2 potions of flight
 w - a potion of mutation
Comestibles
 c - 2 bread rations
 z - 4 fruits
 D - 3 chunks of flesh


   Skills:
 + Level 6.0(3.7) Fighting
 + Level 6.0(3.8) Axes
 - Level 1.5(0.0) Armour
 - Level 1.5(0.0) Dodging
 + Level 8.0(5.6) Stealth


You had 7 spell levels left.
You didn't know any spells.

Dungeon Overview and Level Annotations

Branches:
Dungeon (6/15)             Temple (0/1) D:4

Altars:
Cheibriados
Okawaru
Ru
Uskayaw

Annotations:
D:5 exclusions: 2 doors and orc priest


Innate Abilities, Weirdness & Mutations

You cannot wear boots.
Your serpentine skin is tough. (AC +2)
You have supernaturally acute eyesight. (SInv)
Armour fits poorly on your strangely shaped body.
Your system is resistant to poisons. (rPois)
You cover ground very slowly.
You have a slow metabolism.
You can spit poison.


Message History

t - Shout!
Orders for allies: a - Attack new target. r - Retreat! s - Stop attacking. g - Guard the area. f - Follow me.
Anything else - Cancel.
Okay, then.
Unknown command.
Unknown command.
Okay, then.
Aiming: Iceblast (will waste charges)
Press: ? - help, Shift-Dir - straight line The mass of ice explodes!
The iceblast engulfs the wight.
The wight partially resists.
The wight is severely damaged.
Evoking this partially-identified wand wasted a few charges.
You hear a shout! x2
The wight hits you with an enchanted short sword!
* * * LOW HITPOINT WARNING * * *
The wight hits you with an enchanted short sword.
You die...

#...8..._...8.#
...#....###....#
. ##........###
#.###....######
#........#
#........#
........).#
.......$))##
........@..#
........)z...#
##.!......(#..#
.<..............
##...............
#...............
#.............Y.
#..............


You could see an ice beast and a wight.

Vanquished Creatures
  An ice beast (D:5)
  2 ogres
  4 wights (D:6)
  A centaur zombie (D:5)
  A bullfrog zombie (D:5)
  A jelly (D:5)
  2 orc priests
  2 hounds (D:4)
  A bullfrog skeleton (D:5)
  An iguana (D:5)
  2 worker ants
  7 adders
  An adder zombie (D:5)
  4 worms
  4 dart slugs
  4 leopard geckos
  12 orcs
  11 bats
  7 giant cockroaches
  12 goblins
  12 hobgoblins
  6 jackals (D:2)
  2 quokkas
  A ball python (D:3)
  3 frilled lizards (D:1)
  A jackal skeleton (D:4)
  8 kobolds
  A leopard gecko skeleton (D:4)
  A quokka skeleton (D:4)
  6 rats
121 creatures vanquished.

Notes
Turn   | Place    | Note
-------+----------+-------------------------------------------
     0 | D:1      | Soeti the Naga Berserker began the quest for the Orb.
     0 | D:1      | Reached XP level 1. HP: 21/21 MP: 1/1
   230 | D:1      | Reached XP level 2. HP: 28/28 MP: 2/2
   747 | D:1      | Reached skill level 1 in Stealth
   922 | D:1      | Reached XP level 3. HP: 25/34 MP: 3/3
  2025 | D:2      | Found a snail-covered altar of Cheibriados.
  2030 | D:2      | Reached skill level 2 in Stealth
  2067 | D:2      | Reached ** piety under Trog
  2150 | D:2      | Reached XP level 4. HP: 38/44 MP: 4/4
  2198 | D:2      | Found a sacrificial altar of Ru.
  2741 | D:3      | Reached skill level 3 in Stealth
  2855 | D:3      | Reached XP level 5. HP: 50/50 MP: 5/5
  4002 | D:4      | Found a staircase to the Ecumenical Temple.
  4056 | D:4      | Reached skill level 4 in Stealth
  4228 | D:4      | Reached XP level 6. HP: 48/58 MP: 6/6
  4433 | D:4      | Reached skill level 5 in Stealth
  4691 | D:4      | Found an iron altar of Okawaru.
  4957 | D:5      | Entered Level 5 of the Dungeon
  5039 | D:5      | Reached *** piety under Trog
  5040 | D:5      | Noticed an ice beast
  5051 | D:5      | Killed an ice beast
  5051 | D:5      | Reached skill level 5 in Fighting
  5051 | D:5      | Reached skill level 5 in Axes
  5051 | D:5      | Reached skill level 6 in Stealth
  5051 | D:5      | Reached XP level 7. HP: 67/67 MP: 7/7
  5905 | D:5      | Reached skill level 7 in Stealth
  6448 | D:6      | Found a hide-covered altar of Uskayaw.
  6592 | D:6      | Reached XP level 8. HP: 58/76 MP: 8/8
  6601 | D:6      | Reached skill level 8 in Stealth
  6607 | D:6      | Slain by a wight

Vault maps used:
D:1:      minmay_arrival_jagged
D:2:      nicolae_ru_sacrificial_ziggurat, nicolae_overflow_hidden_temple,
          kennysheep_slug_shrine
D:3:      minmay_vboxes
D:4:      kennysheep_mini, minmay_temple_entry_mist, minmay_stone_trees_medium
D:5:      first_bread, minmay_misc_feat_more_columns, kennysheep_generic_room_12
D:6:      eat_drink_and_be_merry_uskayaw, serial_shops, shop, st_stairs_12,
          minmay_curled_crystal, kb_lookout_dungeons_type, uniq_edmund

Skill      XL: |  1  2  3  4  5  6  7  8 |
---------------+-------------------------+-----
Stealth        | 1 2 3 4 6 7 8 |  8.0
Fighting       | 4 5 6 |  6.0
Axes           | 4 5 6 |  6.0
Armour         | |  1.5
Dodging        | |  1.5

Action                   |  1- 3 |  4- 6 |  7- 9 || total
-------------------------+-------+-------+-------++-------
Melee: Hand axe          |   164 |   134 |    99 ||   397
Invok: Berserk           |     3 |     7 |     4 ||    14
Evoke: Wand              |       |       |     1 ||     1
  Use: Scroll            |       |    10 |     1 ||    11
       Potion            |       |       |     1 ||     1
 Stab: Sleeping          |     3 |     7 |     3 ||    13
  Eat: Chunk             |     4 |     8 |     6 ||    18
       Bread ration      |       |     1 |       ||     1
       Royal jelly       |       |     1 |       ||     1
       Fruit             |       |       |     2 ||     2
Armor: Animal skin       |    56 |    58 |    25 ||   139
Dodge: Dodged            |   109 |    89 |    50 ||   248
